 Dungeon Crawl Stone Soup version 0.31-a0-152-g6aa68a64a1 (webtiles) character file.

Game seed: 7325026849525906570

81 qw the Shooter (level 4, 0/40 HPs)
             Began as a Naga Hunter on June 10, 2023.
             Slain by an orc wizard
             ... wielding a +0 dagger
              (3 damage)
             ... on level 3 of the Dungeon.
             The game lasted 00:00:38 (1652 turns).

qw the Shooter (Naga Hunter)                        Turns: 1652, Time: 00:00:39

Health: 0/40       AC:  2    Str: 14    XL:     4   Next: 42%
Magic:  4/4        EV:  9    Int:  9    God:
Gold:   161        SH:  5    Dex: 16    Spells: 3/3 levels left

rFire   . . .        Y - +0 shortbow
rCold   . . .        (shield currently unavailable)
rNeg    . . .        c - +0 leather armour
rPois   +            (no helmet)
rElec   .            (no cloak)
rCorr   .            (no gloves)
SInv    +            (no barding)
Will    .....        e - amulet of reflection
Stlth   ++           (no ring)
HPRegen 0.26/turn    (no ring)
MPRegen 0.09/turn

%: reflection
@: about to teleport, very slow
A: AC +1, large, see invisible, deformed body, poison resistance, slowness 2,
spit poison 1, naga tail 1
a: Spit Poison


You were on level 3 of the Dungeon.
You visited 1 branch of the dungeon, and saw 3 of its levels.

You collected 161 gold pieces.


Innate Abilities, Weirdness & Mutations

Your serpentine skin is tough. (AC +1)
You have supernaturally acute eyesight. (SInv)
Armour fits poorly on your strangely shaped body.
Your system is resistant to poisons. (rPois)
You cover ground very slowly.
You can spit poison.
You have a snake-like lower body.


   Skills:
 + Level 2.6 Fighting
 - Level 5.0 Ranged Weapons
 - Level 1.5 Dodging
 - Level 1.5 Stealth


You had 3 spell levels left.
You didn't know any spells.
Your spell library was empty.

Inventory:

Hand Weapons
 Y - a +0 shortbow (weapon)
Armour
 c - a +0 leather armour (worn)
Jewellery
 d - an amulet of faith
 e - an amulet of reflection (around neck)
Scrolls
 a - a scroll of blinking {unknown}
Potions
 b - a potion of mutation {unknown}
 i - 2 potions of curing {unknown}

Dungeon Overview and Level Annotations

Branches:
Dungeon (3/15)

Altars:


Message History

You shoot an arrow. The arrow barely misses the orc.
The orc hits you with a +0 falchion.
You shoot an arrow.
The arrow hits the orc but does no damage.
The orc is heavily wounded.
An orc wizard comes into view. It is wielding a +0 dagger.
The orc hits you with a +0 falchion.
You shoot an arrow.
The arrow hits the orc but does no damage.
The orc is heavily wounded.
You have got your breath back.
The orc hits you with a +0 falchion.
1644 ||| INVOKING Spit Poison.
Aiming: Spit Poison (1% risk of failure)
Press: ? - help, Shift-Dir - straight line, f/p - orc The splash of poison hits the orc!
The orc is poisoned.
You kill the orc!
You shoot an arrow. The arrow hits the orc wizard!
The orc wizard is severely wounded.
The orc wizard casts a spell at you.
You are confused.
The orc wizard hits you with a +0 dagger.
The orc wizard hits you with a +0 dagger. x2
The orc wizard hits you but does no damage.
The orc wizard barely misses you.
You have got your breath back.
The orc wizard completely misses you. The orc wizard closely misses you.
The orc hits you with a +0 short sword.
The orc wizard hits you with a +0 dagger.
The orc wizard points at you and mumbles some strange words.
The magic dart hits you!
You feel less confused. You block the orc wizard's attack.
The orc wizard hits you with a +0 dagger.
The orc hits you with a +0 short sword.
1652 ||| READING scroll of teleportation.
As you read the scroll of teleportation, it crumbles to dust.
You feel strangely unstable.
The orc wizard hits you with a +0 dagger.
You die...

# .# . . ...
.. #. ..###
#..##. #...#
....)# #...#
#...###...#
...##.oo.#...#
#.
#..)..o@.....#
#.
#......##....#
#. #......
#..### #.
#...... #..#
#. #......
#..## #.
#......###..#
.######.
#####......)##
........
#.##.)...#
.######.
#.....##
.#......


You could see 2 orc wizards and an orc.

Vanquished Creatures
  An adder (D:2)
  2 worms
  3 dart slugs (D:2)
  6 orcs (D:3)
  A ball python (D:2)
  8 endoplasms
  3 giant cockroaches
  2 goblins (D:2)
  2 hobgoblins
  4 jackals (D:1)
  4 kobolds
  A quokka (D:1)
  5 bats
  5 frilled lizards
  3 rats
50 creatures vanquished.

Notes
Turn   | Place    | Note
-------+----------+-------------------------------------------
     0 | D:1      | qw the Naga Hunter began the quest for the Orb.
     0 | D:1      | Reached XP level 1. HP: 19/19 MP: 1/1
     0 | D:1      | 0 ||| qw: Version: 0.2-a-123-gb51047a
     0 | D:1      | 0 ||| qw: Game counter: 3728
     0 | D:1      | 0 ||| qw: Always use a shield: true
     0 | D:1      | 0 ||| qw: God list: Okawaru
     0 | D:1      | 0 ||| qw: Allow faded altars: false
     0 | D:1      | 0 ||| qw: Do Orc after D:15 true
     0 | D:1      | 0 ||| qw: Do second Lair branch before Depths: true
     0 | D:1      | 0 ||| qw: Lair rune preference: random
     0 | D:1      | 0 ||| qw: Plans: Normal
     0 | D:1      | 0 ||| PLANNING D:1-11
    30 | D:1      | 30 ||| INVOKING Spit Poison.
   136 | D:1      | 136 ||| INVOKING Spit Poison.
   193 | D:1      | 193 ||| INVOKING Spit Poison.
   195 | D:1      | Reached skill level 4 in Ranged Weapons
   195 | D:1      | Reached XP level 2. HP: 26/26 MP: 2/2
   197 | D:1      | 197 ||| INVOKING Spit Poison.
   203 | D:1      | 203 ||| INVOKING Spit Poison.
   223 | D:1      | 223 ||| INVOKING Spit Poison.
   229 | D:1      | 229 ||| INVOKING Spit Poison.
   234 | D:1      | 234 ||| INVOKING Spit Poison.
   239 | D:1      | 239 ||| INVOKING Spit Poison.
   244 | D:1      | 244 ||| INVOKING Spit Poison.
   431 | D:1      | 431 ||| INVOKING Spit Poison.
   594 | D:1      | 594 ||| INVOKING Spit Poison.
   701 | D:1      | 701 ||| INVOKING Spit Poison.
   879 | D:1      | 879 ||| DROPPING ring of wizardry.
   880 | D:1      | 880 ||| DROPPING ring of flight.
   881 | D:1      | 881 ||| READING scroll labelled RISUMY HERA.
   882 | D:1      | 882 ||| READING 2 scrolls labelled NUOHIRILAUM.
   887 | D:1      | 887 ||| READING 2 scrolls labelled WOPNEOT ACECA.
   888 | D:1      | 888 ||| DROPPING scroll of butterflies.
   889 | D:1      | 889 ||| DROPPING scroll of magic mapping.
   959 | D:2      | 959 ||| INVOKING Spit Poison.
   961 | D:2      | Reached XP level 3. HP: 32/32 MP: 3/3
  1039 | D:2      | 1039 ||| INVOKING Spit Poison.
  1081 | D:2      | 1081 ||| INVOKING Spit Poison.
  1087 | D:2      | 1087 ||| INVOKING Spit Poison.
  1098 | D:2      | 1098 ||| INVOKING Spit Poison.
  1101 | D:2      | 1101 ||| INVOKING Spit Poison.
  1105 | D:2      | 1105 ||| INVOKING Spit Poison.
  1109 | D:2      | 1109 ||| INVOKING Spit Poison.
  1115 | D:2      | 1115 ||| INVOKING Spit Poison.
  1120 | D:2      | 1120 ||| INVOKING Spit Poison.
  1143 | D:2      | 1143 ||| INVOKING Spit Poison.
  1148 | D:2      | 1148 ||| INVOKING Spit Poison.
  1151 | D:2      | 1151 ||| INVOKING Spit Poison.
  1251 | D:2      | 1251 ||| INVOKING Spit Poison.
  1252 | D:2      | Reached skill level 5 in Ranged Weapons
  1252 | D:2      | Reached XP level 4. HP: 39/39 MP: 4/4
  1260 | D:2      | 1260 ||| INVOKING Spit Poison.
  1307 | D:2      | 1307 ||| INVOKING Spit Poison.
  1489 | D:2      | 1489 ||| INVOKING Spit Poison.
  1521 | D:2      | 1521 ||| UPGRADING to amulet of reflection.
  1526 | D:2      | 1526 ||| READING scroll labelled YFFANI TIGEN.
  1527 | D:2      | 1527 ||| READING scroll labelled AGIPIA ODGHONO.
  1593 | D:3      | 1593 ||| INVOKING Spit Poison.
  1608 | D:3      | 1608 ||| INVOKING Spit Poison.
  1618 | D:3      | 1618 ||| INVOKING Spit Poison.
  1637 | D:3      | 1637 ||| INVOKING Spit Poison.
  1644 | D:3      | 1644 ||| INVOKING Spit Poison.
  1650 | D:3      | HP: 9/40 [orc wizard/magic dart (10)]
  1651 | D:3      | HP: 3/40 [orc/+0 short sword (3)]
  1652 | D:3      | 1652 ||| READING scroll of teleportation.
  1652 | D:3      | Slain by an orc wizard

Levels and vault maps discovered:
D:1:      minmay_arrival_four_circles, layout_basic
D:2:      layout_loops_ring, minmay_pentomino_pile
D:3:      layout_basic, marbit_many_paths

Skill      XL: |  1  2  3 |
---------------+----------+-----
Ranged Weapons | 4 5 |  5.0
Fighting       | |  2.6
Dodging        | |  1.5
Stealth        | |  1.5

Action                     |  1- 3 |  4- 6 || total
---------------------------+-------+-------++-------
   Fire: Shortbow          |    76 |    28 ||   104
Ability: Spit Poison       |    27 |     8 ||    35
    Use: Scroll            |     3 |     3 ||     6
 Armour: Leather armour    |    19 |     1 ||    20
  Dodge: Dodged            |    31 |     5 ||    36
  Block: Other             |       |     1 ||     1

Table legend:
 A = Non-vault XP
 B = Vault XP
 C = Vault XP percentage of total XP
 D = Non-vault monster count
 E = Vault monster count
 F = Vault count percentage of total count
                 A         B        C        D         E       F
            +---------+---------+-------+---------+---------+-------
      Total |     106 |      11 |   9.4 |      44 |       6 |  12.0
            +---------+---------+-------+---------+---------+-------
        D:1 |      33 |       0 |   0.0 |      18 |       0 |   0.0
        D:2 |      48 |      11 |  18.6 |      18 |       6 |  25.0
        D:3 |      25 |       0 |   0.0 |       8 |       0 |   0.0
            +---------+---------+-------+---------+---------+-------
